 Dungeon Crawl Stone Soup version 0.29.1-15-g9cfb28693d (webtiles) character file.

Game seed: 12307036294677952756

60 KreenWarrior the Magician (level 3, -6/24 HPs)
             Began as a Demonspawn Hedge Wizard on Mar 28, 2023.
             Mangled by Terence
             ... wielding a +0 flail
              (10 damage)
             ... on level 2 of the Dungeon.
             The game lasted 00:07:59 (2494 turns).

KreenWarrior the Magician (Demonspawn Hedge Wizard) Turns: 2494, Time: 00:07:59

Health: -6/24      AC:  7    Str:  8 (10) XL:     3   Next: 80%
Magic:  1/8        EV: 10    Int: 16 (17) God:
Gold:   78         SH:  0    Dex: 10 (12) Spells: 8/9 levels left

rFire   . . .      SeeInvis .   a - +0 dagger
rCold   . . .      Faith    .   (no shield)
rNeg    . . .      Spirit   .   f - +2 ring mail {rPois}
rPois   +          Reflect  .   c - +0 hat
rElec   .          Harm     .   (no cloak)
rCorr   .          Rampage  .   (no gloves)
Will    .....                   (no boots)
Stlth   +.........              (no amulet)
HPRegen 0.08/turn               (no ring)
MPRegen 0.11/turn               (no ring)

@: no status effects
A: spiny 1
a: no special abilities


You were on level 2 of the Dungeon.
You visited 1 branch of the dungeon, and saw 2 of its levels.

You collected 78 gold pieces.

Inventory:

Hand Weapons
 a - a +0 dagger (weapon)
Armour
 b - a +0 robe
 c - a +0 hat (worn)
 f - a +2 ring mail of poison resistance (worn)


   Skills:
 - Level 0.2 Short Blades
 * Level 0.6 Armour
 + Level 2.6 Dodging
 - Level 1.8 Stealth
 + Level 3.6 Spellcasting
 + Level 1.6 Conjurations
 + Level 1.0 Summonings
 + Level 0.8 Translocations


You had 8 spell levels left.
You knew the following spells:

 Your Spells              Type           Power      Damage    Failure   Level
a - Magic Dart            Conj           32%        1d4       28%         1

Your spell library contained the following spells:

 Spells                   Type           Power      Damage    Failure   Level
 Call Imp                 Summ           6%         N/A       47%         2
 Slow                     Hex            8%         N/A       50%         1
 Blink                    Tloc           10%        N/A       50%         2
 Sublimation of Blood     Necr           2%         N/A       63%         2
 Wereblood                Tmut           2%         N/A       63%         2
 Conjure Flame            Conj/Fire      5%         6-21      75%         3
 Mephitic Cloud           Conj/Pois/Air  4%         N/A       78%         3
 Summon Hydra             Summ           3%         N/A       100%        7


Dungeon Overview and Level Annotations

Branches:
Dungeon (2/15)

Altars:

Annotations:
D:2 Terence


Innate Abilities, Weirdness & Mutations

You are partially covered in sharp spines.


Message History

Casting: Magic Dart (safe; 28% risk of failure)
Confirm with . or Enter, or press ? or * to list all spells.
Aiming: Magic Dart (safe; 28% risk of failure)
Press: ? - help, Shift-Dir - straight line, f/p - Terence
Aim: Terence, wielding a +0 flail and wearing a +0 ring mail (heavily wounded, 100% to hit)
The magic dart hits Terence but does no damage.
Terence is heavily wounded.
Terence hits you with a +0 flail!
You completely miss Terence.
Terence is heavily wounded.
Terence completely misses you.
You hit Terence.
Terence is heavily wounded.
Terence barely misses you.
You hit Terence.
Terence is severely wounded.
Terence misses you.
Casting: Magic Dart (safe; 28% risk of failure)
Confirm with . or Enter, or press ? or * to list all spells.
Aiming: Magic Dart (safe; 28% risk of failure)
Press: ? - help, Shift-Dir - straight line, f/p - Terence
Aim: Terence, wielding a +0 flail and wearing a +0 ring mail (severely wounded, 100% to hit)
The magic dart hits Terence but does no damage.
Terence is severely wounded.
Terence hits you with a +0 flail.
* * * LOW HITPOINT WARNING * * *
You aren't carrying any potions.
You aren't carrying any potions.
Terence attacks as you move away! Terence hits you but does no damage.
Terence attacks as you move away! Terence hits you with a +0 flail.
* * * LOW HITPOINT WARNING * * *
You aren't carrying any potions.
As you read the scroll labelled BASCHE QIRUTILU, it crumbles to dust.
It is a scroll of identify.
You don't have any unidentified items.
Terence barely misses you.
Your magical contamination has completely faded away.
Terence attacks as you move away! Terence barely misses you.
Terence attacks as you move away! Terence hits you with a +0 flail!
You die...

###########
#.........########
#.........'......#
#......@..######.#######
######@#### #.##.....
#.# #.##..... #.#
#.##..).. #.# #.##.....
#.# #........ #.#
#####.... #.# #.... #.#
#....


You could see Terence.

Vanquished Creatures
  A gnoll (D:1)
  An adder (D:2)
  A worm (D:2)
  3 dart slugs (D:1)
  3 ball pythons (D:1)
  2 endoplasms
  A giant cockroach (D:1)
  A goblin (D:1)
  A hobgoblin (D:1)
  4 quokkas (D:1)
  6 bats (D:1)
  3 frilled lizards (D:1)
  A kobold (D:2)
  5 rats (D:1)
33 creatures vanquished.

Notes
Turn   | Place    | Note
-------+----------+-------------------------------------------
     0 | D:1      | KreenWarrior the Demonspawn Hedge Wizard began the quest
                  | for the Orb.
     0 | D:1      | Reached XP level 1. HP: 13/13 MP: 4/4
   233 | D:1      | Gained mutation: You are partially covered in sharp spines.
                  | [demonic ancestry]
   233 | D:1      | Reached XP level 2. HP: 9/19 MP: 1/6
  1054 | D:1      | Reached XP level 3. HP: 24/24 MP: 4/7
  2468 | D:2      | Noticed Terence
  2494 | D:2      | Mangled by Terence

Illustrated notes

Levels and vault maps discovered:
D:1:      noname_arrival_rooms_in_the_neighbourhood, layout_basic
D:2:      layout_basic, uniq_sigmund, uniq_terence

Skill      XL: |  1 |
---------------+----+-----
Dodging        | 2 |  2.6
Short Blades   | |  0.2
Armour         | |  0.6
Stealth        | |  1.8
Spellcasting   | |  3.6
Conjurations   | |  1.6
Summonings     | |  1.0
Translocations | |  0.8

Action                   || total
-------------------------++-------
Melee: Dagger            ||    36
 Cast: Magic Dart        ||    87
  Use: Potion            ||     2
       Scroll            ||     1
Armor: Robe              ||     2
       Ring mail         ||    17
Dodge: Dodged            ||    34
